Capitals vs Lightning

Created - December 7 2006 at 18:15

Goals
1 2 3 T
Capitals 0 1 0 1
Lightning 0 2 1 3
Shots
1 2 3 T
Capitals 11 6 7 24
Lightning 6 14 6 26

Period #1

No Goal

Penalities :
Martin St-Louis (TBL) for Diving (Minor) at 1:30, Tom Poti (TBL) for Checking from behind (Major) at 4:37, Ed Jovanovski (TBL) for Fighting (Major) at 16:09, Chris Clark (WSH) for Fighting (Major) at 16:09

Period #2

1. Lightning , Ryan Craig 4 (Nolan Pratt, Dmitry Afanasenkov) at 7:09
2. Lightning , Ed Jovanovski 2 (Cory Sarich, Mike Modano) at 14:26
3. Capitals , Richard Zednik 1 (Shaone Morrisonn, Brian Sutherby) at 16:16

Penalities :
Tom Poti (TBL) for Charging (Minor) at 1:14, Bryan Muir (WSH) for Boarding (Minor) at 4:57, Nolan Pratt (TBL) for Tripping (Minor) at 9:43, Tom Poti (TBL) for High sticking (Minor) at 11:49, Martin St-Louis (TBL) for Roughing (Minor) at 17:50

Period #3

4. Lightning , Vaclav Prospal 5 (Cory Sarich, Martin St-Louis) at 5:36

Penalities :
Alexander Ovechkin (WSH) for Elbowing (Minor) at 2:04, Eric Daze (TBL) for Charging (Minor) at 4:25, Steve Eminger (WSH) for Delaying the game (Minor) at 4:25, Ruslan Fedotenko (TBL) for Holding (Minor) at 10:12, Vincent Lecavalier (TBL) for Cross-checking (Minor) at 16:45

Goalie Stats

Olaf Kolzig (WSH), 23 saves from 26 shots - (0.885), L, 2-1-0, 60:00 minutes
Marc Denis (TBL), 23 saves from 24 shots - (0.958), W, 5-0-0, 60:00 minutes

Players Stats

Capitals
Player Name              G  A  P  +/- PIM S  H  SB FO MP 
-----------------------------------------------------------
Alexander Ovechkin       0  0  0  -2  2   4  3  0  5  25 
Andrew Cassels           0  0  0   0  0   1  0  0  14 20 
Brian Pothier            0  0  0  -1  0   0  0  3  0  24 
Brian Sutherby           0  1  1   0  0   2  0  1  9  11 
Brooks Laich             0  0  0  -1  0   1  0  0  11 14 
Bryan Muir               0  0  0   0  2   0  2  1  0  23 
Chris Clark              0  0  0   0  5   2  2  0  4  20 
Dainius Zubrus           0  0  0  -1  0   5  1  0  0  24 
Eric Fehr                0  0  0  -1  0   1  3  0  1  14 
Ivan Majesky             0  0  0  -1  0   0  0  2  0  16 
Matt Pettinger           0  0  0   0  0   1  0  0  2  6  
Oleg Tverdovsky          0  0  0   0  0   0  0  1  0  23 
Patrik Stefan            0  0  0   0  0   3  1  1  22 21 
Rene Bourque             0  0  0   0  0   0  0  0  0  0  
Richard Zednik           1  0  1   0  0   4  0  0  0  6  
Shaone Morrisonn         0  1  1  -1  0   0  0  2  0  24 
Steve Eminger            0  0  0  -1  2   0  2  2  0  14 
Trent Hunter             0  0  0   0  0   0  0  1  8  21 
Lightning
Player Name              G  A  P  +/- PIM S  H  SB FO MP 
-----------------------------------------------------------
Brad Richards            0  0  0  -1  0   3  0  0  13 23 
Cory Sarich              0  2  2   2  0   1  0  1  0  15 
Dan Boyle                0  0  0  -1  0   0  0  2  0  25 
Dmitry Afanasenkov       0  1  1   1  0   1  0  1  0  14 
Ed Jovanovski            1  0  1   2  5   2  0  0  0  22 
Eric Daze                0  0  0   1  2   5  0  0  0  14 
Filip Kuba               0  0  0  -1  0   1  0  3  0  20 
Martin St-Louis          0  1  1   0  4   1  0  0  1  22 
Mike Modano              0  1  1   1  0   2  0  1  8  15 
Nolan Pratt              0  1  1   1  2   0  0  2  0  22 
Paul Ranger              0  0  0   0  0   0  0  1  0  7  
Rob DiMaio               0  0  0   0  0   0  0  0  0  0  
Ruslan Fedotenko         0  0  0   1  2   0  1  0  4  16 
Ryan Craig               1  0  1   1  0   1  0  0  15 14 
Tim Taylor               0  0  0   0  0   0  0  0  0  0  
Tom Poti                 0  0  0   1  9   0  0  2  0  14 
Vaclav Prospal           1  0  1   2  0   4  0  0  20 25 
Vincent Lecavalier       0  0  0  -1  2   5  1  0  15 22 

3 Stars

1 - Marc Denis (TBL)
2 - Cory Sarich (TBL)
3 - Ed Jovanovski (TBL)

Power Play

Capitals - 0 on 8 Attempt(s) - 0.00%
Lightning - 0 on 2 Attempt(s) - 0.00%

Penalty Kill

Capitals - 2 on 2 Attempt(s) - 100.00% - Score 0 goal in Penalty Kill
Lightning - 8 on 8 Attempt(s) - 100.00% - Score 0 goal in Penalty Kill

Game Notes

Ed Jovanovski and Chris Clark fight to a draw at 16:09 of 1st period

Finance

Level 1 -- Attendance: 5239 (86.23%) -- Ticket Income $523,900.00
Level 2 -- Attendance: 4419 (78.92%) -- Ticket Income $265,140.00
Level 3 -- Attendance: 2393 (87.52%) -- Ticket Income $83,755.00
Level 4 -- Attendance: 3915 (89.99%) -- Ticket Income $78,300.00
Luxury Box -- Attendance: 750 (74.97%) -- Ticket Income $150,000.00
Game was played at the St. Pete Times Forum
Total Attendance: 16716 (84.60%)
Total Ticket Income: $1,116,665.00
Other Expense: $113,410.60
Total Income: $1,003,254.00


Play by Play

Period #1

0:01 of 1st period - Patrik Stefan wins face-off versus Vincent Lecavalier in neutral zone.
0:07 of 1st period - Icing by Filip Kuba.
0:08 of 1st period - Vincent Lecavalier wins face-off versus Chris Clark in Lightning zone.
0:08 of 1st period - Martin St-Louis is hit by Bryan Muir and loses puck.
0:36 of 1st period - Shot by Brad Richards.
0:36 of 1st period - Stopped by Olaf Kolzig without a rebound.
0:37 of 1st period - Mike Modano wins face-off versus Patrik Stefan in Capitals zone.
0:38 of 1st period - Shot by Vaclav Prospal.
0:38 of 1st period - Shot Misses the Net.
0:43 of 1st period - Shot by Mike Modano.
0:43 of 1st period - Shot Misses the Net.
0:46 of 1st period - Shot by Ed Jovanovski.
0:46 of 1st period - Shot Blocked by Brian Pothier.
0:51 of 1st period - Shot by Ruslan Fedotenko.
0:51 of 1st period - Stopped by Olaf Kolzig without a rebound.
0:52 of 1st period - Ryan Craig wins face-off versus Brooks Laich in Capitals zone.
1:19 of 1st period - Shot by Eric Fehr.
1:19 of 1st period - Stopped by Marc Denis without a rebound.
1:20 of 1st period - Vincent Lecavalier wins face-off versus Andrew Cassels in Lightning zone.
1:30 of 1st period - Minor Penalty to Martin St-Louis for Diving.
1:31 of 1st period - Patrik Stefan wins face-off versus Vaclav Prospal in Lightning zone.
1:53 of 1st period - Icing by Brian Pothier.
1:54 of 1st period - Patrik Stefan wins face-off versus Vaclav Prospal in Capitals zone.
1:59 of 1st period - Shot by Alexander Ovechkin.
1:59 of 1st period - Shot Misses the Net.
2:08 of 1st period - Shot by Vincent Lecavalier.
2:08 of 1st period - Stopped by Olaf Kolzig without a rebound.
2:09 of 1st period - Vaclav Prospal wins face-off versus Andrew Cassels in Capitals zone.
2:50 of 1st period - Shot by Andrew Cassels.
2:50 of 1st period - Stopped by Marc Denis without a rebound.
2:51 of 1st period - Patrik Stefan wins face-off versus Brad Richards in Lightning zone.
3:06 of 1st period - Shot by Alexander Ovechkin.
3:06 of 1st period - Shot Misses the Net.
3:09 of 1st period - Shot by Alexander Ovechkin.
3:09 of 1st period - Stopped by Marc Denis without a rebound.
3:10 of 1st period - Patrik Stefan wins face-off versus Vaclav Prospal in Lightning zone.
3:11 of 1st period - Shot by Alexander Ovechkin.
3:11 of 1st period - Shot Misses the Net.
3:21 of 1st period - Icing by Patrik Stefan.
3:22 of 1st period - Vaclav Prospal wins face-off versus Patrik Stefan in Capitals zone.
3:44 of 1st period - Icing by Dan Boyle.
3:45 of 1st period - Brian Sutherby wins face-off versus Vincent Lecavalier in Lightning zone.
3:52 of 1st period - Shot by Richard Zednik.
3:52 of 1st period - Shot Misses the Net.
4:01 of 1st period - Shot by Martin St-Louis.
4:01 of 1st period - Shot Misses the Net.
4:14 of 1st period - Shot by Brian Sutherby.
4:14 of 1st period - Shot Misses the Net.
4:33 of 1st period - Shot by Ryan Craig.
4:33 of 1st period - Shot Blocked by Shaone Morrisonn.
4:37 of 1st period - Major Penalty to Tom Poti for Checking from behind.
4:38 of 1st period - Vaclav Prospal wins face-off versus Andrew Cassels in Lightning zone.
5:13 of 1st period - Shot by Dainius Zubrus.
5:13 of 1st period - Stopped by Marc Denis without a rebound.
5:14 of 1st period - Brad Richards wins face-off versus Patrik Stefan in Lightning zone.
5:45 of 1st period - Shot by Filip Kuba.
5:45 of 1st period - Stopped by Olaf Kolzig without a rebound.
5:46 of 1st period - Andrew Cassels wins face-off versus Vaclav Prospal in Capitals zone.
6:15 of 1st period - Shot by Dainius Zubrus.
6:15 of 1st period - Shot Blocked by Filip Kuba.
6:22 of 1st period - Shot by Chris Clark.
6:22 of 1st period - Stopped by Marc Denis with a rebound.
6:25 of 1st period - Shot by Chris Clark.
6:25 of 1st period - Shot Misses the Net.
6:54 of 1st period - Shot by Alexander Ovechkin.
6:54 of 1st period - Stopped by Marc Denis without a rebound.
6:55 of 1st period - Andrew Cassels wins face-off versus Vaclav Prospal in Lightning zone.
7:50 of 1st period - Shot by Brian Sutherby.
7:50 of 1st period - Stopped by Marc Denis without a rebound.
7:51 of 1st period - Brad Richards wins face-off versus Patrik Stefan in Lightning zone.
9:07 of 1st period - Off-side.
9:08 of 1st period - Patrik Stefan wins face-off versus Brad Richards in neutral zone.
9:45 of 1st period - Shot by Brooks Laich.
9:45 of 1st period - Stopped by Marc Denis without a rebound.
9:46 of 1st period - Brooks Laich wins face-off versus Ryan Craig in Lightning zone.
9:53 of 1st period - Shot by Eric Fehr.
9:53 of 1st period - Shot Misses the Net.
9:55 of 1st period - Icing by Ryan Craig.
9:56 of 1st period - Ryan Craig wins face-off versus Brooks Laich in Lightning zone.
10:47 of 1st period - Shot by Mike Modano.
10:47 of 1st period - Shot Misses the Net.
10:50 of 1st period - Shot by Vincent Lecavalier.
10:50 of 1st period - Stopped by Olaf Kolzig with a rebound.
13:25 of 1st period - Shot by Patrik Stefan.
13:25 of 1st period - Shot Blocked by Tom Poti.
13:26 of 1st period - Shot by Brian Pothier.
13:26 of 1st period - Shot Misses the Net.
13:29 of 1st period - Shot by Patrik Stefan.
13:29 of 1st period - Shot Misses the Net.
13:37 of 1st period - Icing by Nolan Pratt.
13:38 of 1st period - Ryan Craig wins face-off versus Andrew Cassels in Lightning zone.
13:40 of 1st period - Eric Daze is hit by Bryan Muir and loses puck.
14:00 of 1st period - Shot by Dainius Zubrus.
14:00 of 1st period - Shot Blocked by Nolan Pratt.
14:03 of 1st period - Shot by Dainius Zubrus.
14:03 of 1st period - Shot Blocked by Nolan Pratt.
14:04 of 1st period - Shot by Bryan Muir.
14:04 of 1st period - Stopped by Marc Denis with a rebound.
14:27 of 1st period - Shot by Matt Pettinger.
14:27 of 1st period - Shot Blocked by Dmitry Afanasenkov.
14:28 of 1st period - Shot by Richard Zednik.
14:28 of 1st period - Stopped by Marc Denis without a rebound.
14:29 of 1st period - Patrik Stefan wins face-off versus Vincent Lecavalier in Lightning zone.
14:38 of 1st period - Shot by Alexander Ovechkin.
14:38 of 1st period - Shot Blocked by Dan Boyle.
14:42 of 1st period - Icing by Paul Ranger.
14:43 of 1st period - Vincent Lecavalier wins face-off versus Brooks Laich in Lightning zone.
15:00 of 1st period - Shot by Alexander Ovechkin.
15:00 of 1st period - Shot Blocked by Paul Ranger.
16:04 of 1st period - Brad Richards is hit by Chris Clark and loses puck.
16:09 of 1st period - Ed Jovanovski and Chris Clark fight to a draw.
16:09 of 1st period - Penalty to Ed Jovanovski for Fighting.
16:09 of 1st period - Penalty to Chris Clark for Fighting.
16:10 of 1st period - Brad Richards wins face-off versus Trent Hunter in Capitals zone.
16:53 of 1st period - Shot by Trent Hunter.
16:53 of 1st period - Stopped by Marc Denis without a rebound.
16:54 of 1st period - Vaclav Prospal wins face-off versus Andrew Cassels in Lightning zone.
18:19 of 1st period - Shot by Bryan Muir.
18:19 of 1st period - Shot Misses the Net.
18:26 of 1st period - Shot by Vincent Lecavalier.
18:26 of 1st period - Stopped by Olaf Kolzig without a rebound.
18:27 of 1st period - Ruslan Fedotenko wins face-off versus Alexander Ovechkin in Capitals zone.
19:28 of 1st period - Shot by Patrik Stefan.
19:28 of 1st period - Shot Blocked by Mike Modano.
19:29 of 1st period - Shot by Oleg Tverdovsky.
19:29 of 1st period - Shot Misses the Net.
19:32 of 1st period - Shot by Trent Hunter.
19:32 of 1st period - Shot Blocked by Cory Sarich.
19:33 of 1st period - Shot by Bryan Muir.
19:33 of 1st period - Shot Misses the Net.

Period #2

0:01 of 2nd period - Alexander Ovechkin wins face-off versus Brad Richards in neutral zone.
0:06 of 2nd period - Shot by Dainius Zubrus.
0:06 of 2nd period - Shot Misses the Net.
0:11 of 2nd period - Shot by Vincent Lecavalier.
0:11 of 2nd period - Stopped by Olaf Kolzig without a rebound.
0:12 of 2nd period - Vaclav Prospal wins face-off versus Trent Hunter in Capitals zone.
0:21 of 2nd period - Shot by Vaclav Prospal.
0:21 of 2nd period - Stopped by Olaf Kolzig without a rebound.
0:22 of 2nd period - Brad Richards wins face-off versus Alexander Ovechkin in Capitals zone.
0:31 of 2nd period - Shot by Brad Richards.
0:31 of 2nd period - Stopped by Olaf Kolzig without a rebound.
0:32 of 2nd period - Vaclav Prospal wins face-off versus Trent Hunter in Capitals zone.
1:14 of 2nd period - Minor Penalty to Tom Poti for Charging.
1:15 of 2nd period - Vincent Lecavalier wins face-off versus Andrew Cassels in Lightning zone.
2:03 of 2nd period - Icing by Shaone Morrisonn.
2:04 of 2nd period - Patrik Stefan wins face-off versus Vaclav Prospal in Capitals zone.
3:16 of 2nd period - Off-side.
3:17 of 2nd period - Ryan Craig wins face-off versus Brooks Laich in neutral zone.
3:42 of 2nd period - Shot by Alexander Ovechkin.
3:42 of 2nd period - Stopped by Marc Denis with a rebound.
4:06 of 2nd period - Eric Daze is hit by Dainius Zubrus and loses puck.
4:57 of 2nd period - Minor Penalty to Bryan Muir for Boarding.
4:58 of 2nd period - Trent Hunter wins face-off versus Martin St-Louis in Capitals zone.
5:05 of 2nd period - Shot by Brad Richards.
5:05 of 2nd period - Stopped by Olaf Kolzig with a rebound.
5:06 of 2nd period - Shot by Filip Kuba.
5:06 of 2nd period - Shot Blocked by Brian Pothier.
5:09 of 2nd period - Shot by Vincent Lecavalier.
5:09 of 2nd period - Shot Misses the Net.
5:10 of 2nd period - Shot by Brad Richards.
5:10 of 2nd period - Stopped by Olaf Kolzig without a rebound.
5:11 of 2nd period - Vincent Lecavalier wins face-off versus Alexander Ovechkin in Capitals zone.
5:12 of 2nd period - Shot by Brad Richards.
5:12 of 2nd period - Shot Blocked by Brian Pothier.
5:24 of 2nd period - Icing by Filip Kuba.
5:25 of 2nd period - Vincent Lecavalier wins face-off versus Trent Hunter in Lightning zone.
6:33 of 2nd period - Icing by Cory Sarich.
6:34 of 2nd period - Trent Hunter wins face-off versus Ruslan Fedotenko in Lightning zone.
7:01 of 2nd period - Shot by Eric Daze.
7:01 of 2nd period - Shot Blocked by Ivan Majesky.
7:06 of 2nd period - Shot by Dmitry Afanasenkov.
7:06 of 2nd period - Stopped by Olaf Kolzig with a rebound.
7:07 of 2nd period - Shot by Nolan Pratt.
7:07 of 2nd period - Shot Blocked by Ivan Majesky.
7:08 of 2nd period - Shot by Ryan Craig.
7:08 of 2nd period - Shot Blocked by Steve Eminger.
7:09 of 2nd period - Shot by Ryan Craig.
7:09 of 2nd period - Goal by Ryan Craig.
7:10 of 2nd period - Ryan Craig wins face-off versus Brian Sutherby in neutral zone.
7:14 of 2nd period - Icing by Brian Pothier.
7:15 of 2nd period - Ryan Craig wins face-off versus Brian Sutherby in Capitals zone.
7:33 of 2nd period - Icing by Ryan Craig.
7:34 of 2nd period - Ryan Craig wins face-off versus Andrew Cassels in Lightning zone.
7:39 of 2nd period - Shot by Dmitry Afanasenkov.
7:39 of 2nd period - Shot Misses the Net.
8:24 of 2nd period - Shot by Martin St-Louis.
8:24 of 2nd period - Shot Misses the Net.
8:25 of 2nd period - Shot by Mike Modano.
8:25 of 2nd period - Shot Misses the Net.
8:26 of 2nd period - Shot by Dan Boyle.
8:26 of 2nd period - Shot Misses the Net.
8:29 of 2nd period - Shot by Vincent Lecavalier.
8:29 of 2nd period - Shot Blocked by Bryan Muir.
8:34 of 2nd period - Shot by Martin St-Louis.
8:34 of 2nd period - Shot Blocked by Oleg Tverdovsky.
8:37 of 2nd period - Shot by Mike Modano.
8:37 of 2nd period - Stopped by Olaf Kolzig without a rebound.
8:38 of 2nd period - Mike Modano wins face-off versus Brooks Laich in Capitals zone.
8:40 of 2nd period - Vaclav Prospal is hit by Alexander Ovechkin and loses puck.
9:06 of 2nd period - Shot by Brooks Laich.
9:06 of 2nd period - Stopped by Marc Denis without a rebound.
9:07 of 2nd period - Vincent Lecavalier wins face-off versus Brian Sutherby in Lightning zone.
9:37 of 2nd period - Icing by Shaone Morrisonn.
9:38 of 2nd period - Ryan Craig wins face-off versus Brian Sutherby in Capitals zone.
9:39 of 2nd period - Shot by Eric Daze.
9:39 of 2nd period - Stopped by Olaf Kolzig with a rebound.
9:43 of 2nd period - Minor Penalty to Nolan Pratt for Tripping.
9:44 of 2nd period - Patrik Stefan wins face-off versus Vaclav Prospal in Lightning zone.
10:07 of 2nd period - Shot by Trent Hunter.
10:07 of 2nd period - Shot Hit the Post.
10:08 of 2nd period - Shot by Shaone Morrisonn.
10:08 of 2nd period - Shot Misses the Net.
10:11 of 2nd period - Shot by Alexander Ovechkin.
10:11 of 2nd period - Shot Hit the Post.
10:12 of 2nd period - Shot by Brian Pothier.
10:12 of 2nd period - Shot Misses the Net.
10:47 of 2nd period - Shot by Dainius Zubrus.
10:47 of 2nd period - Stopped by Marc Denis without a rebound.
10:48 of 2nd period - Andrew Cassels wins face-off versus Brad Richards in Lightning zone.
11:15 of 2nd period - Shot by Dainius Zubrus.
11:15 of 2nd period - Shot Blocked by Filip Kuba.
11:49 of 2nd period - Minor Penalty to Tom Poti for High sticking.
11:50 of 2nd period - Vaclav Prospal wins face-off versus Patrik Stefan in Lightning zone.
13:36 of 2nd period - Off-side.
13:37 of 2nd period - Brooks Laich wins face-off versus Ruslan Fedotenko in neutral zone.
14:02 of 2nd period - Shot by Eric Daze.
14:02 of 2nd period - Stopped by Olaf Kolzig with a rebound.
14:03 of 2nd period - Shot by Eric Daze.
14:03 of 2nd period - Stopped by Olaf Kolzig without a rebound.
14:04 of 2nd period - Mike Modano wins face-off versus Brian Sutherby in Capitals zone.
14:23 of 2nd period - Shot by Mike Modano.
14:23 of 2nd period - Shot Blocked by Brian Sutherby.
14:26 of 2nd period - Shot by Ed Jovanovski.
14:26 of 2nd period - Goal by Ed Jovanovski.
14:27 of 2nd period - Ryan Craig wins face-off versus Eric Fehr in neutral zone.
14:40 of 2nd period - Shot by Eric Daze.
14:40 of 2nd period - Shot Misses the Net.
15:34 of 2nd period - Off-side.
15:35 of 2nd period - Vincent Lecavalier wins face-off versus Brian Sutherby in neutral zone.
16:10 of 2nd period - Shot by Richard Zednik.
16:10 of 2nd period - Stopped by Marc Denis with a rebound.
16:11 of 2nd period - Shot by Brian Sutherby.
16:11 of 2nd period - Shot Blocked by Filip Kuba.
16:16 of 2nd period - Shot by Richard Zednik.
16:16 of 2nd period - Goal by Richard Zednik.
16:17 of 2nd period - Mike Modano wins face-off versus Chris Clark in neutral zone.
16:34 of 2nd period - Shot by Ruslan Fedotenko.
16:34 of 2nd period - Shot Misses the Net.
16:35 of 2nd period - Shot by Cory Sarich.
16:35 of 2nd period - Shot Misses the Net.
16:36 of 2nd period - Shot by Cory Sarich.
16:36 of 2nd period - Stopped by Olaf Kolzig with a rebound.
17:21 of 2nd period - Shot by Ryan Craig.
17:21 of 2nd period - Shot Misses the Net.
17:22 of 2nd period - Shot by Eric Daze.
17:22 of 2nd period - Stopped by Olaf Kolzig without a rebound.
17:23 of 2nd period - Brooks Laich wins face-off versus Vincent Lecavalier in Capitals zone.
17:23 of 2nd period - Alexander Ovechkin is hit by Vincent Lecavalier and loses puck.
17:35 of 2nd period - Shot by Alexander Ovechkin.
17:35 of 2nd period - Shot Misses the Net.
17:36 of 2nd period - Shot by Ivan Majesky.
17:36 of 2nd period - Shot Misses the Net.
17:50 of 2nd period - Minor Penalty to Martin St-Louis for Roughing.
17:51 of 2nd period - Vaclav Prospal wins face-off versus Patrik Stefan in Lightning zone.
18:39 of 2nd period - Icing by Brian Pothier.
18:40 of 2nd period - Patrik Stefan wins face-off versus Vaclav Prospal in Capitals zone.
19:25 of 2nd period - Shot by Dainius Zubrus.
19:25 of 2nd period - Stopped by Marc Denis without a rebound.
19:26 of 2nd period - Patrik Stefan wins face-off versus Vaclav Prospal in Lightning zone.

Period #3

0:01 of 3rd period - Patrik Stefan wins face-off versus Vincent Lecavalier in neutral zone.
0:04 of 3rd period - Shot by Alexander Ovechkin.
0:04 of 3rd period - Stopped by Marc Denis with a rebound.
0:35 of 3rd period - Shot by Martin St-Louis.
0:35 of 3rd period - Shot Misses the Net.
0:38 of 3rd period - Shot by Vincent Lecavalier.
0:38 of 3rd period - Stopped by Olaf Kolzig without a rebound.
0:39 of 3rd period - Andrew Cassels wins face-off versus Mike Modano in Capitals zone.
1:59 of 3rd period - Dmitry Afanasenkov is hit by Eric Fehr and loses puck.
2:04 of 3rd period - Minor Penalty to Alexander Ovechkin for Elbowing.
2:05 of 3rd period - Vincent Lecavalier wins face-off versus Trent Hunter in Capitals zone.
3:46 of 3rd period - Shot by Mike Modano.
3:46 of 3rd period - Shot Blocked by Patrik Stefan.
3:49 of 3rd period - Shot by Mike Modano.
3:49 of 3rd period - Shot Misses the Net.
3:50 of 3rd period - Shot by Cory Sarich.
3:50 of 3rd period - Shot Misses the Net.
3:51 of 3rd period - Shot by Ed Jovanovski.
3:51 of 3rd period - Shot Misses the Net.
3:52 of 3rd period - Shot by Ed Jovanovski.
3:52 of 3rd period - Stopped by Olaf Kolzig without a rebound.
3:53 of 3rd period - Chris Clark wins face-off versus Mike Modano in Capitals zone.
4:25 of 3rd period - Minor Penalty to Eric Daze for Charging.
4:25 of 3rd period - Minor Penalty to Steve Eminger for Delaying the game.
4:26 of 3rd period - Brad Richards wins face-off versus Alexander Ovechkin in Lightning zone.
4:51 of 3rd period - Shot by Dainius Zubrus.
4:51 of 3rd period - Shot Misses the Net.
5:22 of 3rd period - Shot by Vaclav Prospal.
5:22 of 3rd period - Shot Blocked by Shaone Morrisonn.
5:23 of 3rd period - Shot by Ed Jovanovski.
5:23 of 3rd period - Shot Misses the Net.
5:28 of 3rd period - Shot by Vaclav Prospal.
5:28 of 3rd period - Stopped by Olaf Kolzig with a rebound.
5:33 of 3rd period - Shot by Martin St-Louis.
5:33 of 3rd period - Shot Misses the Net.
5:36 of 3rd period - Shot by Vaclav Prospal.
5:36 of 3rd period - Goal by Vaclav Prospal.
5:37 of 3rd period - Brad Richards wins face-off versus Trent Hunter in neutral zone.
5:50 of 3rd period - Shot by Vincent Lecavalier.
5:50 of 3rd period - Shot Misses the Net.
5:53 of 3rd period - Shot by Vincent Lecavalier.
5:53 of 3rd period - Shot Misses the Net.
6:27 of 3rd period - Martin St-Louis is hit by Steve Eminger and loses puck.
6:51 of 3rd period - Shot by Ryan Craig.
6:51 of 3rd period - Shot Blocked by Steve Eminger.
6:59 of 3rd period - Icing by Nolan Pratt.
7:00 of 3rd period - Ryan Craig wins face-off versus Matt Pettinger in Lightning zone.
7:09 of 3rd period - Shot by Dmitry Afanasenkov.
7:09 of 3rd period - Shot Misses the Net.
7:12 of 3rd period - Shot by Eric Daze.
7:12 of 3rd period - Stopped by Olaf Kolzig without a rebound.
7:13 of 3rd period - Mike Modano wins face-off versus Andrew Cassels in Capitals zone.
7:19 of 3rd period - Mike Modano is hit by Chris Clark and loses puck.
7:46 of 3rd period - Chris Clark is hit by Ruslan Fedotenko and loses puck.
8:41 of 3rd period - Off-side.
8:42 of 3rd period - Ryan Craig wins face-off versus Matt Pettinger in neutral zone.
9:11 of 3rd period - Shot by Richard Zednik.
9:11 of 3rd period - Shot Misses the Net.
9:22 of 3rd period - Shot by Brian Sutherby.
9:22 of 3rd period - Shot Misses the Net.
9:25 of 3rd period - Shot by Richard Zednik.
9:25 of 3rd period - Stopped by Marc Denis with a rebound.
9:26 of 3rd period - Shot by Shaone Morrisonn.
9:26 of 3rd period - Stopped by Marc Denis with a rebound.
10:03 of 3rd period - Shot by Alexander Ovechkin.
10:03 of 3rd period - Stopped by Marc Denis without a rebound.
10:04 of 3rd period - Vaclav Prospal wins face-off versus Andrew Cassels in Lightning zone.
10:12 of 3rd period - Minor Penalty to Ruslan Fedotenko for Holding.
10:13 of 3rd period - Brad Richards wins face-off versus Andrew Cassels in neutral zone.
11:39 of 3rd period - Icing by Brian Pothier.
11:40 of 3rd period - Patrik Stefan wins face-off versus Brad Richards in Capitals zone.
11:44 of 3rd period - Icing by Brian Pothier.
11:45 of 3rd period - Patrik Stefan wins face-off versus Vaclav Prospal in Capitals zone.
12:15 of 3rd period - Icing by Brooks Laich.
12:16 of 3rd period - Brooks Laich wins face-off versus Ryan Craig in Capitals zone.
12:43 of 3rd period - Shot by Brooks Laich.
12:43 of 3rd period - Shot Blocked by Dan Boyle.
13:15 of 3rd period - Off-side.
13:16 of 3rd period - Brian Sutherby wins face-off versus Mike Modano in neutral zone.
13:21 of 3rd period - Shot by Brian Sutherby.
13:21 of 3rd period - Stopped by Marc Denis without a rebound.
13:22 of 3rd period - Ruslan Fedotenko wins face-off versus Brian Sutherby in Lightning zone.
13:37 of 3rd period - Shot by Mike Modano.
13:37 of 3rd period - Stopped by Olaf Kolzig without a rebound.
13:38 of 3rd period - Vincent Lecavalier wins face-off versus Patrik Stefan in Capitals zone.
13:38 of 3rd period - Filip Kuba is hit by Patrik Stefan and loses puck.
13:48 of 3rd period - Shot by Vincent Lecavalier.
13:48 of 3rd period - Shot Misses the Net.
13:54 of 3rd period - Martin St-Louis is hit by Alexander Ovechkin and loses puck.
14:12 of 3rd period - Shot by Vincent Lecavalier.
14:12 of 3rd period - Shot Blocked by Trent Hunter.
14:38 of 3rd period - Icing by Alexander Ovechkin.
14:39 of 3rd period - Patrik Stefan wins face-off versus Ryan Craig in Capitals zone.
14:58 of 3rd period - Shot by Dainius Zubrus.
14:58 of 3rd period - Stopped by Marc Denis with a rebound.
15:01 of 3rd period - Shot by Dainius Zubrus.
15:01 of 3rd period - Shot Blocked by Tom Poti.
16:05 of 3rd period - Vaclav Prospal is hit by Eric Fehr and loses puck.
16:26 of 3rd period - Mike Modano is hit by Eric Fehr and loses puck.
16:45 of 3rd period - Minor Penalty to Vincent Lecavalier for Cross-checking.
16:46 of 3rd period - Chris Clark wins face-off versus Brad Richards in neutral zone.
17:33 of 3rd period - Shot by Patrik Stefan.
17:33 of 3rd period - Shot Misses the Net.
18:32 of 3rd period - Shot by Andrew Cassels.
18:32 of 3rd period - Shot Misses the Net.
18:45 of 3rd period - Shot by Dainius Zubrus.
18:45 of 3rd period - Stopped by Marc Denis without a rebound.
18:46 of 3rd period - Ryan Craig wins face-off versus Brooks Laich in Lightning zone.
19:00 of 3rd period - Tom Poti is hit by Steve Eminger and loses puck.
19:15 of 3rd period - Icing by Alexander Ovechkin.
19:16 of 3rd period - Brooks Laich wins face-off versus Vaclav Prospal in Capitals zone.
19:28 of 3rd period - Vaclav Prospal is hit by Alexander Ovechkin and loses puck.


Output by the STHS for Stephane Roy -- Original Page W3C XHTML 1.0 Valid